 Dungeon Crawl Stone Soup version 0.20-a0-1050-g57248f3 (webtiles) character file.

6462 Chaoticas the Carver (level 10, 90/93 HPs)
             Began as a Minotaur Fighter on Apr 25, 2017.
             Was a High Priest of Okawaru.
             Quit the game in a bailey.
             The game lasted 00:29:54 (10480 turns).

Chaoticas the Carver (Minotaur Fighter)            Turns: 10480, Time: 00:29:55

Health: 90/93      AC: 21    Str: 22    XL:     10   Next: 68%
Magic:  18/19      EV:  8    Int:  8    God:    Okawaru [*****.]
Gold:   497        SH: 13    Dex: 11    Spells: 9/9 levels left

rFire    . . .     SeeInvis .   s - +5 scimitar (flame)
rCold    + . .     Gourm    .   c - +2 shield
rNeg     . . .     Faith    .   H - +0 plate armour
rPois    .         Spirit   +   F - +2 hat
rElec    .         Reflect  .   m - +0 cloak
rCorr    .         Harm     .   p - +0 pair of gloves
MR       .....                  r - +0 pair of boots
Stlth    ..........             O - amulet of guardian spirit
Regen    0.3/turn               b - ring of magical power
MPRegen  0.2/turn               A - ring of protection from cold

@: no status effects
A: retaliatory headbutt, horns 2, icy blue scales 1, clever 1
a: Heroism, Finesse, Renounce Religion


You were in a bailey.
You worshipped Okawaru.
Okawaru was extremely pleased with you.
You were not hungry.

You visited 1 branch of the dungeon, and saw 10 of its levels.
You also visited: Bailey.

You collected 497 gold pieces.

Inventory:

Hand Weapons
 s - a +5 scimitar of flaming (weapon)
 t - a +0 flail
 w - a +2 antimagic spear
Missiles
 v - 3 javelins
 D - 5 tomahawks (quivered)
 J - 5 tomahawks of returning
Armour
 c - a +2 shield (worn)
 m - a +0 cloak (worn)
 p - a +0 pair of gloves (worn)
 r - a +0 pair of boots (worn)
 F - a +2 hat (worn)
 H - a +0 plate armour (worn)
Jewellery
 b - a ring of magical power (left hand)
 i - an uncursed ring of flight
 A - a ring of protection from cold (right hand)
 O - an amulet of guardian spirit (around neck)
 S - an uncursed amulet of rage
Wands
 j - a wand of paralysis (12/24)
 G - a wand of polymorph (19/24)
 P - a wand of flame (17/48)
 U - a wand of enslavement (10/24)
 X - a wand of flame (24/48)
Scrolls
 e - 3 scrolls of remove curse
 u - 3 scrolls of blinking
 x - a scroll of enchant weapon
 I - a scroll of magic mapping {unknown}
 N - 2 scrolls of teleportation
 Z - 2 scrolls of fog
Potions
 a - a potion of degeneration {unknown}
 d - 2 potions of might
 h - a potion of mutation
 l - 5 potions of flight
 o - 2 potions of ambrosia
 q - 2 potions of brilliance
 z - a potion of heal wounds
 B - 3 potions of curing
 E - 2 potions of haste {unknown}
 M - a potion of magic {unknown}
 R - a potion of resistance {unknown}
 T - 2 potions of berserk rage {unknown}
 V - a potion of cancellation {unknown}
 Y - 3 potions of agility {unknown}
Books
 k - a book of Battle

   Spells                             Type                      Level
   a - Infusion                       Charms                       1
   b - Shroud of Golubria             Charms/Translocation         2
   c - Song of Slaying                Charms                       2
   d - Spectral Weapon                Hexes/Charms                 3
   e - Regeneration                   Charms/Necromancy            3
 y - a book of Cantrips

   Spells                             Type                      Level
   a - Confusing Touch                Hexes                        1
   b - Animate Skeleton               Necromancy                   1
   c - Summon Small Mammal            Summoning                    1
   d - Apportation                    Translocation                1
Comestibles
 f - 11 bread rations
 g - 2 royal jellies
 n - 3 meat rations
 C - 4 chunks of flesh
 K - 29 fruits


   Skills:
 * Level 10.3 Fighting
 * Level 11.0 Long Blades
 - Level 0.4 Throwing
 + Level 8.4 Armour
 + Level 5.9 Dodging
 + Level 8.5 Shields
 + Level 2.0 Invocations


You had 9 spell levels left.
You didn't know any spells.

Dungeon Overview and Level Annotations

Branches:
Dungeon (10/15)            Temple (0/1) D:4            Lair (0/6) D:10
    Orc: D:9-12

Altars:
Elyvilon
Gozag
Nemelex Xobeh
Okawaru
Sif Muna
Trog
Uskayaw
Wu Jian
Xom
Zin
The Shining One


Innate Abilities, Weirdness & Mutations

You reflexively headbutt those who attack you in melee.
You have a pair of horns on your head.
You are partially covered in icy blue scales. (AC +2)
Your mind is acute. (Int +2)


Message History

The weapon returns to the kobold!
The orc warrior shouts! x2; The kobold shouts! x2
The kobold throws a tomahawk of returning.
You block the tomahawk of returning.
The weapon returns to the kobold!
You see here a potion of flight.
l - 5 potions of flight (gained 1)
The kobold throws a tomahawk of returning.
You block the tomahawk of returning.
The weapon returns to the kobold!
The kobold throws a tomahawk of returning.
The tomahawk of returning barely misses you.
The weapon returns to the kobold!
The kobold throws a tomahawk of returning.
The tomahawk of returning hits you but does no damage.
The weapon returns to the kobold!
Okay, then.
Saving game... please wait.
Welcome back, Chaoticas the Minotaur Fighter.
Okawaru says: Bring me glory in combat!
Press ? for a list of commands and other information.
Are you sure you want to abandon this character and quit the game? (Confirm with "yes".) KKo#. ##K### ≈≈g####..go...# ## ≈≈≈≈≈K ogoogg.#K≈≈

..≈≈≈≈#########≈≈≈
...≈≈≈≈≈≈≈≈≈≈≈≈≈≈
......≈≈≈≈≈≈≈≈≈#
#...!.........#
#......∩..#
###..@....##
####.....##
####...## ##...###
##.....##
##.......##
#.........#
#....∩....#
#.........#


You could see 3 orc warriors, 2 gnolls, an orc, 3 goblins and a kobold.

Vanquished Creatures
  2 two-headed ogres
  Erica (D:8)
  A troll (D:9)
  A hippogriff (D:8)
  The ghost of PapaToasty the Ruffian, an amateur VSTm of Okawaru (D:4)
  A wraith (D:8)
  A wyvern (D:8)
  2 orc warriors
  A black bear (D:8)
  An ice beast (D:7)
  2 sky beasts
  The ghost of Cesar21 the Skirmisher, an amateur BaBe of Trog (D:3)
  6 ogres
  2 phantoms
  2 centaurs
  4 big kobolds
  5 bullfrogs
  A wyvern zombie (D:6)
  A scorpion (D:9)
  4 howler monkeys
  4 crimson imps
  5 orc priests
  2 hounds
  3 jellies
  A gnoll shaman (D:3)
  2 centaur skeletons
  An iguana (D:9)
  Ijyb (D:5)
  Terence (D:2)
  3 worker ants
  9 orc wizards
  A mummy (D:8)
  A hound zombie (D:6)
  2 hound skeletons
  A howler monkey zombie (D:7)
  10 gnolls
  9 adders
  4 shadow imps
  An adder skeleton (D:4)
  6 worms
  2 dart slugs
  7 leopard geckos
  25 orcs
  2 ball pythons (D:3)
  6 giant cockroaches
  13 hobgoblins
  10 jackals
  20 kobolds
  5 quokkas
  3 bats
  4 frilled lizards
  11 goblins
  2 hobgoblin zombies (D:8)
  A kobold zombie (D:8)
  An orc zombie (D:8)
  A quokka zombie (D:6)
  12 rats
232 creatures vanquished.

Vanquished Creatures (others)
  A goblin (D:10)
1 creature vanquished.

Grand Total: 233 creatures vanquished

Notes
Turn   | Place    | Note
-------+----------+-------------------------------------------
     0 | D:1      | Chaoticas the Minotaur Fighter began the quest for the Orb.
     0 | D:1      | Reached XP level 1. HP: 19/19 MP: 0/0
   182 | D:1      | Reached XP level 2. HP: 27/27 MP: 1/1
   663 | D:2      | Found a shimmering altar of Xom.
   762 | D:2      | Reached skill level 3 in Long Blades
   908 | D:2      | Reached XP level 3. HP: 33/33 MP: 2/2
  1114 | D:2      | Noticed Terence
  1120 | D:2      | Killed Terence
  1120 | D:2      | Reached XP level 4. HP: 36/40 MP: 3/3
  1249 | D:2      | Found an iron altar of Okawaru.
  1260 | D:2      | Reached skill level 4 in Long Blades
  1430 | D:2      | Became a worshipper of Warmaster Okawaru
  2016 | D:3      | Reached XP level 5. HP: 46/46 MP: 4/4
  2065 | D:3      | Reached skill level 5 in Long Blades
  2382 | D:3      | Noticed Cesar21's ghost (amateur BaBe)
  2403 | D:3      | Killed Cesar21's ghost
  2403 | D:3      | Reached XP level 6. HP: 37/53 MP: 5/5
  2510 | D:3      | Reached skill level 6 in Long Blades
  2559 | D:3      | Reached skill level 5 in Shields
  2570 | D:3      | Reached skill level 1 in Dodging
  2582 | D:3      | Reached * piety under Okawaru
  3211 | D:3      | Noticed a moth of wrath
  3214 | D:3      | Found a bloodstained altar of Trog.
  3342 | D:4      | Found a glowing silver altar of Zin.
  3412 | D:4      | Reached skill level 5 in Armour
  3412 | D:4      | Reached XP level 7. HP: 60/60 MP: 6/6
  3601 | D:4      | Reached skill level 5 in Fighting
  3632 | D:4      | Reached skill level 7 in Long Blades
  3827 | D:4      | Noticed PapaToasty's ghost (amateur VSTm)
  3837 | D:4      | Killed PapaToasty's ghost
  4076 | D:4      | Reached ** piety under Okawaru
  4259 | D:4      | Found a staircase to the Ecumenical Temple.
  4295 | D:5      | Entered Level 5 of the Dungeon
  4320 | D:5      | Reached XP level 8. HP: 15/70 MP: 7/7
  4732 | D:5      | Found an opulent altar of Gozag.
  4942 | D:5      | Noticed Ijyb
  4953 | D:5      | Killed Ijyb
  5481 | D:6      | Gained mutation: Your mind is acute. (Int +2) [potion of mutation]
  5481 | D:6      | Gained mutation: You are partially covered in icy blue scales. (AC +2) [potion of mutation]
  5589 | D:6      | Reached skill level 8 in Long Blades
  5730 | D:6      | Got a fine robe
  5772 | D:6      | Found a hide-covered altar of Uskayaw.
  5790 | D:6      | Reached *** piety under Okawaru
  6130 | D:7      | Identified the +2 robe of the Lotus Blossom {rCorr} (You found it on level 6 of the Dungeon)
  6978 | D:7      | Found a sparkling altar of Nemelex Xobeh.
  7079 | D:7      | Reached XP level 9. HP: 75/79 MP: 8/8
  7202 | D:8      | Reached skill level 9 in Long Blades
  7606 | D:8      | Reached **** piety under Okawaru
  8168 | D:8      | Noticed a two-headed ogre
  8183 | D:8      | Reached skill level 10 in Long Blades
  8197 | D:8      | Killed a two-headed ogre
  8197 | D:8      | Reached skill level 5 in Dodging
  8197 | D:8      | Reached XP level 10. HP: 38/91 MP: 5/9
  8446 | D:8      | Noticed Erica
  8468 | D:8      | Killed Erica
  8468 | D:8      | Reached ***** piety under Okawaru
  9376 | D:9      | Noticed a two-headed ogre
  9384 | D:9      | Killed a two-headed ogre
  9384 | D:9      | Reached skill level 10 in Fighting
  9384 | D:9      | Reached skill level 1 in Invocations
  9435 | D:9      | Found a glowing golden altar of the Shining One.
  9435 | D:9      | Found an ornate altar of the Wu Jian Council.
  9436 | D:9      | Found a deep blue altar of Sif Muna.
  9471 | D:9      | Reached skill level 11 in Long Blades
  9726 | D:9      | Found a white marble altar of Elyvilon.
 10327 | D:10     | Entered Level 10 of the Dungeon
 10327 | D:10     | Found a staircase to the Lair.
 10452 | D:10     | Found a flagged portal.
 10459 | Bailey   | Entered a bailey
 10480 | Bailey   | Quit the game

Vault maps used:
D:1:      lightli_arrival_lavapool
D:2:      cheibrodos_old_hovel, okawaru_altar_gauntlet_db,
          nicolae_overflow_crystal_walls, serial_glass, glass_columns_b,
          glass_columns_c, minmay_strange_pillars, feat_on_display,
          due_unseen_surprise, uniq_terence
D:3:      tgw_trog, serial_glass, glass_columns_a, glass_columns_c,
          minmay_misc_feat_x, interstate_on_off
D:4:      overflow_temple_1_default, minmay_temple_entry_butterflies,
          first_bread, minmay_fountain_box
D:5:      nicolae_gozag_cash_rules_everything_around_me, uniq_ijyb
D:6:      basic_altar
D:7:      nemelex_xobeh_ov_fountains_minmay
D:8:      blue_anna_alchemist, minmay_mini_ossuary, uniq_erica
D:9:      nicolae_overflow_quartered_altars
D:10:     minmay_klotski, lair_entry_dummy, serial_shops, kennysheep_mini,
          enter_bailey_3
Bailey:   bailey_axe_4, bailey

Skill      XL: |  1  2  3  4  5  6  7  8  9 10 |
---------------+-------------------------------+-----
Fighting       | 4 5 7 9 10 | 10.3
Long Blades    | 3 4 5 6 7 8 10 11 | 11.0
Shields        | 4 5 6 7 8 |  8.5
Armour         | 4 5 6 7 8 |  8.4
Dodging        | 1 2 3 5 |  5.9
Invocations    | 2 |  2.0
Throwing       | |  0.4

Action                   |  1- 3 |  4- 6 |  7- 9 | 10-12 || total
-------------------------+-------+-------+-------+-------++-------
Melee: Long sword        |    66 |   216 |   406 |    23 ||   711
       Headbutt          |    16 |    38 |    81 |    26 ||   161
       Scimitar          |       |       |       |   108 ||   108
Throw: Stone             |       |    18 |       |       ||    18
Invok: Heroism           |       |       |     1 |     2 ||     3
  Use: Scroll            |       |       |     8 |    12 ||    20
       Potion            |       |       |     1 |       ||     1
  Eat: Chunk             |       |     8 |    10 |     4 ||    22
       Fruit             |       |       |     7 |     4 ||    11
Armor: Scale mail        |    18 |    97 |    25 |       ||   140
       Plate armour      |       |       |   168 |    55 ||   223
Dodge: Dodged            |    14 |    75 |    77 |    34 ||   200
Block: Shield            |    35 |   106 |   187 |    83 ||   411
       Rpst.: Long sword |     2 |    15 |    22 |       ||    39
       Scimitar          |       |       |       |     8 ||     8
